 Dungeon Crawl Stone Soup version 0.31-a0-331-geda263fcf1 (webtiles) character file.

Game seed: 17485853710564936666

36654 cforsyth the Nimble (level 13, -2/101 (104) HPs)
             Began as a Vampire Earth Elementalist on July 19, 2023.
             Was an Elder of Vehumet.
             Killed by miscasting Borgnjor's Vile Clutch (18 damage)
             ... on level 4 of the Lair of Beasts.
             The game lasted 01:05:13 (27687 turns).

cforsyth the Nimble (Vampire Earth Elementalist)   Turns: 27687, Time: 01:05:13

HP:   -2/101 (104)  AC:  9    Str: 11    XL:     13   Next: 54%
MP:   1/22          EV: 36    Int: 21    God:    Vehumet [****..]
Gold: 1334          SH:  0    Dex: 20    Spells: 11/25 levels left

rFire   . . .        i - staff of poison
rCold   . . .        (no shield)
rNeg    . . .        n - +2 leather armour {Will+}
rPois   +            x - +0 helmet
rElec   .            e - +0 cloak
rCorr   .            y - +0 pair of gloves
SInv    +            B - +0 pair of boots
Will    ++...        J - amulet of the acrobat
Stlth   +++          G - +6 ring of dexterity
HPRegen 0.56/turn    (no ring)
MPRegen 0.18/turn

%: acrobat
@: acrobatic, very slightly contaminated, healing quickly, lightly drained
A: alive, fangs 3, see invisible, vampiric 2, hooves 1, strong 1
a: Exsanguinate, Renounce Religion


You were on level 4 of the Lair of Beasts.
You worshipped Vehumet.
Vehumet was greatly pleased with you.
You visited 3 branches of the dungeon, and saw 18 of its levels.
You also visited: Bailey.

You collected 1453 gold pieces.
You spent 119 gold pieces at shops.

Inventory:

Armour
 a - a +0 robe
 e - a +0 cloak (worn)
 k - a +0 cloak
 n - a +2 leather armour of willpower (worn)
 x - a +0 helmet (worn)
 y - a +0 pair of gloves (worn)
 B - a +0 pair of boots (worn)
Magical Staves
 i - a staff of poison (weapon)
Jewellery
 w - a ring of fire
 G - a +6 ring of dexterity (left hand)
 J - an amulet of the acrobat (around neck)
 O - an amulet of magic regeneration
Wands
 q - a wand of paralysis (10)
 t - a wand of polymorph (8)
 v - a wand of flame (39)
 C - a wand of mindburst (4)
Scrolls
 d - 2 scrolls of torment
 g - a scroll of amnesia
 h - 2 scrolls of immolation
 l - a scroll of enchant armour
 m - 5 scrolls of teleportation
 o - a scroll of revelation
 r - 2 scrolls of poison
 u - a scroll of vulnerability
 A - 3 scrolls of fog
 M - a scroll of enchant weapon
 N - 3 scrolls of identify
Potions
 b - 2 potions of invisibility
 c - a potion of attraction
 f - 2 potions of brilliance
 j - 2 potions of might
 p - a potion of berserk rage
 s - a potion of haste
 z - 2 potions of ambrosia
 D - a potion of curing
 E - a potion of mutation
 F - a potion of resistance
 H - 3 potions of lignification
 I - 2 potions of enlightenment
 K - 4 potions of heal wounds


   Skills:
 - Level 10.4 Fighting
 - Level 14.3 Dodging
 - Level 3.9 Stealth
 + Level 6.6 Spellcasting
 + Level 8.6 Conjurations
 + Level 3.8 Necromancy
 - Level 1.9 Transmutations
 + Level 9.5 Earth Magic


You had 11 spell levels left.
You knew the following spells:

 Your Spells              Type           Power      Damage    Failure   Level
a - Sandblast             Erth           94%        2d19      1%          1
b - Stone Arrow           Conj/Erth      90%        3d12      1%          3
c - Lee's Rapid Deconstr  Erth           23%        3d13*     1%          5
d - Borgnjor's Vile Clut  Necr/Erth      17%        N/A       22%         5

Your spell library contained the following spells:

 Spells                   Type           Power      Damage    Failure   Level
 Conjure Ball Lightning   Conj/Air       12%        3x3d6     58%         6
 Passwall                 Tmut/Erth      25%        N/A       1%          2
 Hailstorm                Conj/Ice       25%        3d7       1%          3
 Freeze                   Ice            24%        1d4       3%          1
 Sublimation of Blood     Necr           23%        N/A       3%          2
 Flame Wave               Conj/Fire      25%        2d8       5%          4
 Fulminant Prism          Conj/Hex       12%        3d9       5%          4
 Iskenderun's Mystic Bla  Conj/Tloc      25%        2d7       5%          4
 Ignite Poison            Fire/Tmut/Pois 14%        N/A       8%          3
 Frozen Ramparts          Ice            12%        1d2       11%         3
 Volatile Blastmotes      Fire/Tloc      12%        2d11      11%         3
 Irradiate                Conj/Tmut      14%        3d16      11%         5
 Petrify                  Tmut/Erth      31%        N/A       12%         4
 Freezing Cloud           Conj/Ice/Air   9%         6-21      26%         5
 Gell's Gravitas          Tloc           6%         N/A       36%         3
 Teleport Other           Tloc           6%         N/A       36%         3
 Summon Ice Beast         Ice/Summ       6%         N/A       77%         4
 Alistair's Intoxication  Tmut/Pois      10%        N/A       92%         5
 Eringya's Noxious Bog    Tmut/Pois      8%         4d6       95%         6
 Dispersal                Tloc           3%         N/A       100%        6


Dungeon Overview and Level Annotations

Branches:
Dungeon (12/15)            Temple (1/1) D:4            Lair (5/5) D:10
  Swamp (0/4) Lair:2       Spider (0/4) Lair:2          Orc (0/2) D:12
 Bailey (visited)
  Slime: Lair:4-5

Altars:
Ashenzari
Cheibriados
Dithmenos
Fedhas
Gozag
Hepliaklqana
Kikubaaqudgha
Makhleb
Nemelex Xobeh
Okawaru
Qazlal
Ru
Sif Muna
Trog
Uskayaw
Vehumet
Wu Jian
Xom
Yredelemnul

Shops:
D:2 *   D:4 [   D:8 ?*

Annotations:
D:5 1 runed translucent door, Crazy Yiuf
D:7 1 runed translucent door, Dowan; rinse's ghost, novice DsMo
Lair:3 3 runed translucent doors, lunkers's ghost, journeyman MeSh


Innate Abilities, Weirdness & Mutations

Your natural rate of healing is accelerated.
You have razor-sharp teeth.
You have supernaturally acute eyesight. (SInv)
You are afflicted with vampirism and can become a bat while bloodless.
You have large cloven feet.
Your muscles are strong. (Str +4, Int/Dex -1)


Message History

You feel sick.
You feel sick. The cane toad completely misses you.
Casting: Lee's Rapid Deconstruction (dangerous; 1% risk of failure)
Confirm with . or Enter, or press ? or * to list all spells.
Aiming: Borgnjor's Vile Clutch (dangerous; 22% risk of failure)
Press: ? - help, Shift-Dir - straight line, f - cane toad
Aim: a cane toad (100% to hit)
Zombie hands grab the cane toad. x2
The zombie hands constrict the cane toad. x2
You feel sick.
The cane toad stings the plant!
The plant begins to die.
The cane toad stings the plant!
The cane toad escapes!
The cane toad attacks as you move away! The cane toad closely misses you.
The zombie hands constrict the cane toad.
You feel sick.
You are no longer poisoned.
The cane toad escapes!
Unknown command.
Casting: Borgnjor's Vile Clutch (dangerous; 22% risk of failure)
Confirm with . or Enter, or press ? or * to list all spells.
Aiming: Borgnjor's Vile Clutch (dangerous; 22% risk of failure)
Press: ? - help, Shift-Dir - straight line, f - cane toad, p - cane toad
Aim: a cane toad (heavily wounded, 100% to hit)
Zombie hands grab the cane toad. x2
The zombie hands constrict the cane toad. x2
You kill the cane toad!
Vehumet accepts your kill.
You feel your power returning.
The cane toad struggles to escape constriction.
The zombie hands constrict the cane toad.
The cane toad struggles to escape constriction.
Casting: Borgnjor's Vile Clutch (dangerous; 22% risk of failure)
Confirm with . or Enter, or press ? or * to list all spells.
Aiming: Borgnjor's Vile Clutch (dangerous; 22% risk of failure)
Press: ? - help, Shift-Dir - straight line, f/p - cane toad
Aim: a cane toad (severely wounded, constricted by zombie hands, 100% to hit)
You miscast Borgnjor's Vile Clutch.
You are very lightly contaminated with residual magic.
You convulse helplessly as pain tears through your body!!
You feel drained.
You die...

.................................
.................................
.........##.....##.#.............
.........###....#..#.....#####...
...#....####.........>...##.#.P.#
.....###...#..#..........##......
......##..#.###..........##......
..##.###.#.###..................#
..##..###.#..##.@.#.#...###P....#
§§.#....####...F##........#.....#
≈.......# #...†P#.......P.P.^..#
≈.#.....####...F................#
≈§.#............P................
≈.##......####.##.........##.....
..#........#######.......###....#
######....#.# ##.......##....#
######.....## #####.####........


You could see 2 cane toads.

Vanquished Creatures
  Kirke (D:10)
  Snorg (Lair:4)
  Erolcha (D:9)
  4 hydras
  A two-headed ogre (D:12)
  2 death yaks
  Urug (D:11)
  Nergalle (Lair:2)
  An orc knight (Bailey)
  A deep elf pyromancer (D:10)
  An oklob plant (D:10)
  3 ugly things
  2 manticores (D:11)
  3 black mambas
  A torpor snail (Lair:3)
  4 rime drakes
  3 cane toads
  A gargoyle (D:12)
  An unseen horror (D:11)
  4 komodo dragons
  3 polar bears
  A tyrant leech (Lair:2)
  A hornet (D:7)
  11 blink frogs
  7 dream sheep
  A tarantella (shapeshifter) (D:11)
  A slime creature (D:10)
  A shadow (D:10)
  5 wyverns
  41 yaks
  A hog (D:11)
  2 basilisks
  A steam dragon (D:9)
  5 vampire mosquitoes
  Grum (D:10)
  An acid dragon (D:8)
  A swamp worm (Lair:2)
  10 water moccasins
  Duvessa (D:7)
  An ice beast (D:5)
  2 black bears
  14 orc warriors
  2 sky beasts
  2 ogres
  10 wolves
  5 centaurs
  3 phantoms
  3 kobold brigands
  18 bullfrogs
  7 scorpions
  3 wights (D:5)
  A howler monkey (D:11)
  11 electric eels
  7 orc priests
  2 gnoll boudas
  5 hounds
  4 jellies
  2 sleepcaps
  6 iguanas
  15 orc wizards
  Robin (D:2)
  13 gnolls
  9 adders
  A white imp (D:6)
  4 dart slugs
  5 worms
  51 orcs
  5 bats
  7 endoplasms
  6 giant cockroaches
  29 goblins
  9 hobgoblins
  6 jackals
  3 quokkas
  8 ball pythons
  4 frilled lizards
  19 kobolds
  4 rats
439 creatures vanquished.

Vanquished Creatures (others)
  A human (D:12)
  2 orc wizards
3 creatures vanquished.

Grand Total: 442 creatures vanquished

Notes
Turn   | Place    | Note
-------+----------+-------------------------------------------
     0 | D:1      | cforsyth the Vampire Earth Elementalist began the quest for
                  | the Orb.
     0 | D:1      | Reached XP level 1. HP: 13/13 MP: 3/3
   375 | D:1      | Reached XP level 2. HP: 19/19 MP: 1/5
  1187 | D:2      | Found Qequyc's Assorted Antiques.
  1192 | D:2      | Gained mutation: You are afflicted with vampirism and can
                  | become a bat while bloodless. [Vampire growth]
  1192 | D:2      | Reached XP level 3. HP: 24/24 MP: 3/6
  1248 | D:2      | Bought a grey potion for 20 gold pieces
  1248 | D:2      | Bought a scroll labelled SOTTIG EDGHEI for 23 gold pieces
  1248 | D:2      | Bought a puce potion for 20 gold pieces
  1248 | D:2      | Bought a scroll labelled KOPNOK YROEDEXE for 23 gold pieces
  1263 | D:2      | Noticed Robin
  1325 | D:2      | Killed Robin
  1654 | D:2      | Found a faded altar of an unknown god.
  1883 | D:2      | Reached skill level 3 in Dodging
  1883 | D:2      | Reached XP level 4. HP: 30/30 MP: 5/7
  2388 | D:3      | Reached XP level 5. HP: 35/35 MP: 4/9
  2818 | D:3      | Reached skill level 4 in Dodging
  3293 | D:3      | Reached XP level 6. HP: 30/41 MP: 6/11
  3394 | D:4      | Found Funtual's Armour Boutique.
  3546 | D:4      | Learned a level 3 spell: Stone Arrow
  3626 | D:4      | Found a staircase to the Ecumenical Temple.
  3754 | D:4      | Reached XP level 7. HP: 47/47 MP: 9/12
  3812 | D:4      | Reached skill level 1 in Fighting
  4053 | D:4      | Reached skill level 5 in Earth Magic
  4234 | D:4      | Reached skill level 1 in Conjurations
  4562 | D:5      | Entered Level 5 of the Dungeon
  4568 | D:4      | Reached skill level 5 in Dodging
  4701 | D:5      | Found a shimmering altar of Xom.
  4849 | D:5      | Found a runed translucent door.
  4850 | D:5      | Noticed Crazy Yiuf
  5066 | D:5      | Reached XP level 8. HP: 56/56 MP: 10/14
  5719 | Temple   | Entered the Ecumenical Temple
  6169 | D:6      | Reached skill level 6 in Dodging
  6169 | D:6      | Reached skill level 5 in Spellcasting
  6276 | D:6      | Found a radiant altar of Vehumet.
  6298 | D:6      | Became a worshipper of Vehumet
  6615 | D:6      | You fall into a shaft and drop 2 floors!
  6685 | D:8      | Found Iruupsod's Magic Scroll Boutique.
  6695 | D:8      | Bought a scroll of teleportation for 33 gold pieces
  6707 | D:7      | Noticed Duvessa
  6707 | D:7      | Noticed Dowan
  6762 | D:7      | Reached XP level 9. HP: 62/65 MP: 0/17
  6856 | D:7      | Found a flagged portal.
  6885 | Bailey   | Entered a bailey
  7297 | Bailey   | Noticed an orc knight
  7309 | Bailey   | Reached * piety under Vehumet
  7309 | Bailey   | Offered knowledge of Magic Dart by Vehumet.
  7779 | Bailey   | Reached skill level 7 in Dodging
  7921 | Bailey   | Killed an orc knight
  8508 | Bailey   | Got the Almanac of the Cold Bonfire
  8739 | D:7      | Reached skill level 8 in Dodging
  9005 | D:7      | Found a runed translucent door.
  9005 | D:7      | Noticed rinse's ghost (novice DsMo)
  9140 | D:7      | Killed Duvessa
  9140 | D:7      | Offered knowledge of Shock by Vehumet.
  9234 | D:7      | Reached XP level 10. HP: 66/71 MP: 13/18
  9251 | D:6      | Reached ** piety under Vehumet
  9757 | D:6      | Found an ornate altar of the Wu Jian Council.
  9978 | D:7      | Reached skill level 5 in Conjurations
 10012 | D:7      | Reached skill level 9 in Dodging
 10851 | D:8      | Found Eleomoo's Lightly-Used Armoury.
 11653 | D:9      | Noticed Erolcha
 11862 | D:9      | Killed Erolcha
 11862 | D:9      | Offered knowledge of Inner Flame by Vehumet.
 11863 | D:9      | Reached skill level 5 in Fighting
 12302 | D:9      | Reached skill level 10 in Dodging
 12759 | D:10     | Entered Level 10 of the Dungeon
 12863 | D:10     | Noticed a deep elf pyromancer
 12870 | D:10     | Killed a deep elf pyromancer
 12883 | D:10     | Reached *** piety under Vehumet
 12969 | D:10     | Reached XP level 11. HP: 81/81 MP: 10/19
 13594 | D:10     | Found a staircase to the Lair.
 13597 | D:10     | Noticed an oklob plant
 13938 | D:10     | Offered knowledge of Airstrike by Vehumet.
 14776 | D:11     | Noticed Urug
 14808 | D:11     | Noticed a brown ugly thing
 14815 | D:11     | Killed a brown ugly thing
 14816 | D:11     | Reached skill level 11 in Dodging
 15391 | D:10     | Noticed a purple ugly thing
 15424 | D:11     | Killed a purple ugly thing
 15536 | D:10     | Noticed a brown ugly thing
 15547 | D:10     | Killed a brown ugly thing
 15773 | D:11     | Noticed Grum
 15879 | D:10     | Killed Grum
 15879 | D:10     | Reached **** piety under Vehumet
 16509 | D:11     | Killed Urug
 16950 | D:12     | Noticed Kirke
 17052 | D:11     | Noticed a lindwurm
 17103 | D:11     | Noticed a sphinx
 17112 | D:10     | Noticed a lindwurm
 17113 | D:10     | Killed Kirke
 17428 | D:12     | Noticed a two-headed ogre
 17433 | D:12     | Killed a two-headed ogre
 17434 | D:12     | Reached skill level 12 in Dodging
 17434 | D:12     | Reached XP level 12. HP: 92/92 MP: 15/20
 17463 | D:12     | Found a staircase to the Orcish Mines.
 17987 | D:12     | Found a blossoming altar of Fedhas.
 18461 | Lair:1   | Entered Level 1 of the Lair of Beasts
 18717 | Lair:1   | Gained mutation: You are frail. (-10% HP) [potion of
                  | mutation]
 18717 | Lair:1   | Gained mutation: You are partially covered in iridescent
                  | scales. (AC +2) [potion of mutation]
 18717 | Lair:1   | Lost mutation: You are partially covered in iridescent
                  | scales. (AC +2) [potion of mutation]
 19077 | Lair:1   | Offered knowledge of Lee's Rapid Deconstruction by Vehumet.
 19084 | Lair:1   | Learned a level 5 spell: Lee's Rapid Deconstruction
 19771 | Lair:1   | Reached skill level 13 in Dodging
 20299 | Lair:2   | Found a hole to the Spider Nest.
 20574 | Lair:2   | Noticed a seven-headed hydra
 20581 | Lair:2   | Killed a seven-headed hydra
 21161 | Lair:2   | Found a shimmering blue altar of Sif Muna.
 21369 | Lair:2   | Noticed Nergalle
 21375 | Lair:2   | Killed Nergalle
 21480 | Lair:2   | Reached ***** piety under Vehumet
 22122 | Lair:2   | Offered knowledge of Conjure Ball Lightning by Vehumet.
 22179 | Lair:2   | Noticed a five-headed hydra
 22185 | Lair:2   | Killed a five-headed hydra
 22186 | Lair:2   | Reached skill level 10 in Fighting
 22263 | Lair:2   | Noticed a six-headed hydra
 22268 | Lair:2   | Killed a six-headed hydra
 22269 | Lair:2   | Reached skill level 14 in Dodging
 22366 | Lair:2   | Found a staircase to the Swamp.
 22438 | Lair:2   | Lost mutation: You are frail. (-10% HP) [potion of
                  | mutation]
 22438 | Lair:2   | Gained mutation: Your muscles are strong. (Str +4, Int/Dex
                  | -1) [potion of mutation]
 22438 | Lair:2   | Gained mutation: You have large cloven feet. [potion of
                  | mutation]
 22807 | Lair:3   | Reached XP level 13. HP: 104/104 MP: 7/21
 23130 | Lair:3   | Upgraded the game from 0.31-a0-325-g067879e3d3 to
                  | 0.31-a0-331-geda263fcf1
 23565 | Lair:3   | Reached skill level 1 in Necromancy
 23742 | Lair:2   | Learned a level 5 spell: Borgnjor's Vile Clutch
 24609 | Lair:3   | Found a runed translucent gate.
 24610 | Lair:3   | Found a runed translucent gate.
 24611 | Lair:3   | Found a runed translucent gate.
 24612 | Lair:3   | Noticed lunkers's ghost (journeyman MeSh)
 25450 | Lair:4   | Noticed Snorg
 26375 | Lair:4   | Killed Snorg
 27531 | Lair:5   | Entered Level 5 of the Lair of Beasts
 27687 | Lair:4   | Killed by miscasting Borgnjor's Vile Clutch

Illustrated notes

Levels and vault maps discovered:
D:1:      roderic_crop_circles_arrival_small, layout_basic, minmay_pentomino_r4
D:2:      layout_loops_ring, serial_shops, shop,
          hellmonk_ecumenical_altar_pennies_from_heaven, uniq_robin
D:3:      kennysheep_goblin_castle, layout_rooms, kennysheep_orc_chapel
D:4:      wad_river_or_something, layout_rooms, temple_pool_b, serial_shops,
          nicolae_shop_crystal, corexii_checkpoint_a
D:5:      layout_basic, dk_xom_monty_hall, serial_aquarium,
          aquarium_bridge_straight [aquarium_subvault_bridge,
          aquarium_subvault_window, aquarium_subvault_bridge,
          aquarium_subvault_wall], aquarium_bridge_straight
          [aquarium_subvault_bridge, aquarium_subvault_wall,
          aquarium_subvault_bridge, aquarium_subvault_wall], aquarium_window_2,
          aquarium_window_corridor_1, aquarium_window_1, aquarium_view_2e,
          aquarium_balcony_3b, minmay_misc_feat_plants, uniq_crazy_yiuf_cottage
D:6:      layout_loops_corners, mainiacjoe_overflow_swirl, serial_bayou_lake_a
D:7:      layout_rooms, hellmonk_ghost_happy_afterlife, enter_bailey_7,
          hex_large, uniq_duvessa
D:8:      layout_loops_ring, serial_shops, shop, minmay_shop_damaged
D:9:      layout_cave_pods, lemuel_flamethrower_2, uniq_erolcha
D:10:     cheibrodos_elevator_heist, layout_cave_pools, dpeg_oklobed_lair,
          nicolae_wwwww, serial_bayou_lagoon_b
D:11:     layout_long_grid, minivault_4, uniq_grum, uniq_urug
D:12:     layout_irregular_city, david_orc_3, fedhas_altar_4, uniq_kirke
Temple:   nicolae_temple_bog_church
Lair:1:   layout_roguey, serial_bayou, serial_bayou_shore_b,
          serial_bayou_pond_a, serial_bayou_lagoon_a, serial_bayou_pond_c
Lair:2:   layout_regular_city, palyth_hydra_swamp_entry,
          nicolae_spider_entry_non_spiders, basic_altar, st_stairs_5,
          uniq_nergalle
Lair:3:   layout_hall_layers, gammafunk_ghost_necromancy
Lair:4:   layout_gridlike, minivault_24, uniq_snorg
Lair:5:   minmay_lair_end_frog_pond, layout_small_grid, slime_entry_1,
          nicolae_lair_lil_pond

Skill      XL: |  1  2  3  4  5  6  7  8  9 10 11 12 13 |
---------------+----------------------------------------+-----
Dodging        | 3 4 5 6 8 10 12 14 | 14.3
Spellcasting   | 3 4 5 6 |  6.6
Earth Magic    | 4 5 6 8 9 |  9.5
Fighting       | 2 3 5 7 10 | 10.4
Conjurations   | 1 3 4 6 7 8 |  8.6
Necromancy     | 3 |  3.8
Stealth        | |  3.9
Transmutations | |  1.9

Action                     |  1- 3 |  4- 6 |  7- 9 | 10-12 | 13-15 || total
---------------------------+-------+-------+-------+-------+-------++-------
  Melee: Staff             |     8 |     2 |     2 |    44 |    28 ||    84
         Bite              |       |       |     1 |    13 |     9 ||    23
         Unarmed           |       |       |       |     9 |       ||     9
         Punch             |       |       |       |     2 |       ||     2
   Cast: Sandblast         |    47 |    99 |   255 |   171 |    36 ||   608
         Stone Arrow       |       |       |    40 |   296 |   157 ||   493
         Lee's Rapid Decon |       |       |       |     9 |     8 ||    17
         Borgnjor's Vile C |       |       |       |       |    10 ||    10
  Evoke: Wand              |       |       |     6 |     2 |     6 ||    14
    Use: Potion            |     1 |     2 |     2 |     4 |       ||     9
         Scroll            |     1 |       |    17 |     9 |     4 ||    31
 Armour: Robe              |     3 |    15 |    19 |    13 |       ||    50
         Leather armour    |       |       |       |    82 |    24 ||   106
  Dodge: Dodged            |    19 |    54 |   112 |   347 |   218 ||   750

Table legend: (Time is in decaauts)
 A = Elapsed time spent in this place.
 B = Non-inter-level travel time spent in this place.
 C = Inter-level travel time spent in this place.
 D = Time resting spent in this place.
 E = Time spent auto-exploring this place.
 F = Levels seen in this place.
 G = Mean time per level.
                   A        B        C        D        E       F      G
               +--------+--------+--------+--------+--------+-----+--------+
         Total |  28111 |  27202 |    909 |   4728 |  17337 |  19 | 1479.5 |
       Dungeon |  17255 |  16419 |    836 |   2098 |  11154 |  12 | 1437.9 |
        Temple |     24 |     11 |     13 |      0 |      0 |   1 |   24.0 |
          Lair |   9107 |   9048 |     59 |   2097 |   5491 |   5 | 1821.4 |
        Bailey |   1723 |   1723 |      0 |    533 |    692 |   1 | 1723.0 |
               +--------+--------+--------+--------+--------+-----+--------+

Top non-repeatable levels by time:
  Lair:2: 3060 daAuts
  Lair:3: 2507 daAuts
    D:10: 2375 daAuts
     D:9: 2183 daAuts
    D:11: 1942 daAuts
  Lair:4: 1768 daAuts
  Lair:1: 1763 daAuts
  Bailey: 1723 daAuts
     D:6: 1536 daAuts
     D:3: 1524 daAuts
     D:5: 1230 daAuts
     D:7: 1175 daAuts
     D:2: 1133 daAuts
     D:4: 1065 daAuts
    D:12: 1049 daAuts
